 Dungeon Crawl Stone Soup version 0.21-a0-518-g43a1781 (webtiles) character file.

308 luca467 the Cudgeler (level 6, -1/48 HPs)
             Began as a Mummy Chaos Knight on Dec 4, 2017.
             Slain by a killer bee (5 damage)
             ... on level 4 of the Dungeon.
             The game lasted 00:11:16 (2708 turns).

luca467 the Cudgeler (Mummy Chaos Knight)           Turns: 2708, Time: 00:11:17

Health: -1/48      AC:  8    Str: 15    XL:     6   Next: 16%
Magic:  6/6        EV: 12    Int: 12    God:    Xom [....*.]
Gold:   92         SH:  0    Dex: 13    Spells: 5/5 levels left

rFire    x . .     SeeInvis .   m - +0 mace (crush)
rCold    + . .     Gourm    .   (no shield)
rNeg     + + +     Faith    .   b - +2 leather armour
rPois    ∞         Spirit   .   j - +2 helmet
rElec    .         Reflect  .   (no cloak)
rCorr    .         Harm     .   (no gloves)
MR       +....                  (no boots)
Stlth    +.........             (no amulet)
HPRegen  0.16/turn              g - ring of protection from magic
MPRegen  0.10/turn              (no ring)

@: cleaving
A: no food or potions, fire vulnerability, cold resistance 1, negative energy
resistance 3, torment resistance, unbreathing
a: Renounce Religion


You were on level 4 of the Dungeon.
You worshipped Xom.
You were a beloved toy of Xom.
You were not hungry.

You visited 1 branch of the dungeon, and saw 4 of its levels.

You collected 92 gold pieces.

Inventory:

Hand Weapons
 a - a +0 mace of chaos
 m - a +0 mace of crushing (weapon)
Missiles
 c - 150 stones (quivered)
Armour
 b - a +2 leather armour (worn)
 j - a +2 helmet (worn)
Jewellery
 g - a ring of protection from magic (left hand)
Wands
 n - a wand of digging (15)
 o - a wand of paralysis (14)
Scrolls
 d - a scroll of random uselessness {unknown}
 e - a scroll of fear {unknown}
 f - 2 scrolls of enchant weapon {unknown}
 h - a scroll of magic mapping {unknown}
 i - 2 scrolls of teleportation {unknown}
 k - 2 scrolls of identify {unknown}
 l - 2 scrolls of remove curse {unknown}


   Skills:
 + Level 4.0 Fighting
 * Level 4.1 Maces & Flails
 + Level 2.7 Armour
 + Level 2.2 Dodging


You had 5 spell levels left.
You didn't know any spells.

Dungeon Overview and Level Annotations

Branches:
Dungeon (4/15)             Temple (0/1) D:4

Altars:
Xom

Annotations:
D:2 Sigmund


Innate Abilities, Weirdness & Mutations

You do not eat or drink.
Your flesh is vulnerable to fire.
You are immune to poison.
Your flesh is cold resistant. (rC+)
You are immune to negative energy. (rN+++)
You are immune to unholy pain and torment.
You can survive without breathing.


Message History

You miss the killer bee.
The killer bee is moderately wounded.
The killer bee stings you.
The killer bee stings you but does no damage. x2
You hit the killer bee but do no damage.
The killer bee is moderately wounded.
The killer bee stings you! The killer bee stings you.
You hit the killer bee but do no damage.
The killer bee is moderately wounded.
Xom smirks.
You detect creatures!
The killer bee stings you!
* * * LOW HITPOINT WARNING * * *
The killer bee closely misses you. The killer bee stings you.
* * * LOW HITPOINT WARNING * * *
The killer bee closely misses you. The killer bee stings you.
* * * LOW HITPOINT WARNING * * *
The killer bee stings you.
You die...
Xom laughs nastily!

#.....# ##### #.###.#
...# ##### ####.###.#
###.###...# ##.....(#.#
#.........#####...#.#.#.#
#.#.###..._.............#
....# #########.y.###.###
....# ##y.....# .....
#@###### ..... #.#######
...... #.......# ....#.
#..####!# ....y..
#..####.# #.....#.#
##y##.#.# #.##.#.#
#....=.#


You could see 3 killer bees.

Vanquished Creatures
  An ogre (D:2)
  Ijyb (D:3)
  Terence (D:3)
  The ghost of 4thArraOfDagon the Skirmisher, a weakling MiAK of Lugonu (D:3)
  3 adders
  4 leopard geckos
  An orc (D:3)
  5 bats
  A giant cockroach (D:4)
  5 goblins
  11 hobgoblins
  2 jackals (D:1)
  8 kobolds
  A quokka (D:3)
  5 ball pythons
  5 frilled lizards
  5 rats
60 creatures vanquished.

Vanquished Creatures (collateral kills)
  Natasha (thrice) (D:3)
3 creatures vanquished.

Grand Total: 63 creatures vanquished

Notes
Turn   | Place    | Note
-------+----------+-------------------------------------------
     0 | D:1      | luca467 the Mummy Chaos Knight began the quest for the Orb.
     0 | D:1      | Reached XP level 1. HP: 18/18 MP: 1/1
   171 | D:1      | Reached skill level 1 in Dodging
   177 | D:1      | Reached XP level 2. HP: 17/24 MP: 2/2
   380 | D:1      | XOM: potion effect (invisibility)
   443 | D:1      | XOM: divination: magic mapping
   624 | D:1      | XOM: 6-stop teleportation journey
  1030 | D:1      | Reached XP level 3. HP: 26/29 MP: 3/3
  1046 | D:1      | XOM: summons 1 hostile shadow creature
  1278 | D:2      | Noticed an ogre
  1337 | D:2      | XOM: noise
  1345 | D:2      | Killed an ogre
  1345 | D:2      | Reached XP level 4. HP: 25/36 MP: 4/4
  1514 | D:2      | Reached XP level 5. HP: 38/41 MP: 5/5
  1577 | D:2      | Noticed Sigmund
  1726 | D:2      | XOM: chaos cloud
  1736 | D:3      | Noticed Terence
  1745 | D:3      | Killed Terence
  1837 | D:3      | XOM: harmless Erth miscast
  1881 | D:3      | XOM: scenery: create altars
  1939 | D:3      | XOM: divination: detect creatures
  2013 | D:3      | Noticed 4thArraOfDagon's ghost (weakling MiAK)
  2024 | D:3      | Killed 4thArraOfDagon's ghost
  2037 | D:3      | Noticed Ijyb
  2055 | D:3      | Killed Ijyb
  2174 | D:3      | Noticed Natasha
  2177 | D:3      | XOM: summons 5 friendly demons
  2179 | D:3      | Killed Natasha
  2246 | D:3      | Noticed Natasha
  2246 | D:3      | XOM: summons friendly orange demon
  2249 | D:3      | Killed Natasha
  2361 | D:3      | Noticed Natasha
  2363 | D:3      | Killed Natasha
  2363 | D:3      | Reached XP level 6. HP: 48/48 MP: 6/6
  2434 | D:3      | XOM: 1-stop teleportation journey
  2587 | D:3      | XOM: god gift: 32 sling bullets
  2624 | D:4      | Found a staircase to the Ecumenical Temple.
  2693 | D:4      | XOM: scenery: create altars
  2698 | D:4      | XOM: cleaving
  2704 | D:4      | XOM: divination: detect creatures
  2708 | D:4      | Slain by a killer bee

Vault maps used:
D:1:      minmay_arrival_nine_rooms
D:2:      uniq_sigmund
D:3:      nicolae_overflow_hidden_temple, first_bread, nrook_mini_vaults,
          uniq_natasha, uniq_ijyb, uniq_terence
D:4:      kennysheep_mini_moat, minmay_temple_entry_statues, uniq_duvessa

Skill      XL: |  1  2  3  4  5 |
---------------+----------------+-----
Dodging        | 1 2 |  2.2
Maces & Flails | 3 4 |  4.1
Armour         | 2 |  2.7
Fighting       | 4 |  4.0

Action                   |  1- 3 |  4- 6 || total
-------------------------+-------+-------++-------
Melee: Mace              |   123 |   110 ||   233
 Stab: Paralysed         |     1 |       ||     1
       Invisible         |     2 |       ||     2
Armor: Leather armour    |    59 |    49 ||   108
Dodge: Dodged            |   104 |    93 ||   197

Table legend:
 A = Spawn XP
 B = Non-spawn XP
 C = Spawn XP percentage of total XP
 D = Spawn monster count
 E = Non-spawn monster count
 F = Spawn count percentage of total count
 G = Total turns spent on level
                    A         B        C        D         E        F      G
               +---------+---------+-------+---------+---------+-------+---------
         Total |       0 |     440 |   0.0 |       0 |      63 |   0.0 |  2708
               +---------+---------+-------+---------+---------+-------+---------
           D:1 |       0 |      44 |   0.0 |       0 |      24 |   0.0 |  1280
           D:2 |       0 |     154 |   0.0 |       0 |      19 |   0.0 |   456
           D:3 |       0 |     214 |   0.0 |       0 |      17 |   0.0 |   888
           D:4 |       0 |      28 |   0.0 |       0 |       3 |   0.0 |    84
               +---------+---------+-------+---------+---------+-------+---------
